 Dungeon Crawl Stone Soup version 0.17-a0-1979-g1c74939 (webtiles) character file.

1719 dpvblackbelt the Spear-Bearer (level 9, -4/85 HPs)
             Began as a Merfolk Ice Elementalist on Oct 5, 2015.
             Was a Follower of Yredelemnul.
             Shot with a bolt by an orc warrior (10 damage)
             ... in a bailey.
             The game lasted 00:26:03 (7916 turns).

dpvblackbelt the Spear-Bearer (MfIE)                Turns: 7916, Time: 00:26:03

Health: -4/85      AC: 25    Str: 12    XL:     9   Next: 4%
Magic:  12/12      EV:  2    Int: 16    God:    Yredelemnul [*.....]
Gold:   367        SH:  0    Dex: 16    Spells: 3 memorised, 4 levels left

rFire  + . .     SeeInvis .     A - +3 trident
rCold  + . .     Clarity  .     (armour currently unavailable)
rNeg   + + +     SustAt   .     (no shield)
rPois  +         Gourm    .     (helmet currently unavailable)
rElec  +         Spirit   .     (cloak currently unavailable)
rCorr  +         Warding  .     (gloves currently unavailable)
rMut   .         NoTele   +     (boots currently unavailable)
MR     .....                    x - amulet of regeneration {+regen, !d}
Stlth  +.........               C - +1 ring of protection
                                z - +4 ring of strength

@: confused, tree-form (expiring), resistant, very slightly contaminated,
hasted, very quick, not resistant to hostile enchantments, very unstealthy
A: (change form in water), (swift swim)
a: Animate Remains, Renounce Religion


You were in a bailey.
You worshipped Yredelemnul.
Yredelemnul was aware of your devotion.
You were not hungry.
You were a tree.
You visited 2 branches of the dungeon, and saw 8 of its levels.
You also visited: Bailey.

You collected 367 gold pieces.

Inventory:

Hand Weapons
 A - a +3 trident (weapon)
   (You took it off a wight on level 6 of the Dungeon)
Armour
 a - a +0 robe
 m - a +1 cloak (melded)
   (You found it on level 2 of the Dungeon)
 B - a +2 leather armour of fire resistance (melded)
   (You found it on level 7 of the Dungeon)
Jewellery
 r - an uncursed ring of stealth {Stlth+}
   (You found it on level 2 of the Dungeon)
 v - an uncursed ring of protection from cold {rC+, !d}
   (You found it on level 4 of the Dungeon)
 x - an amulet of regeneration (around neck) {+regen, !d}
   (You found it on level 4 of the Dungeon)
 y - an uncursed ring of protection from magic {MR+, !d}
   (You found it on level 4 of the Dungeon)
 z - a +4 ring of strength (left branch)
   (You found it on level 4 of the Dungeon)
 C - a +1 ring of protection (right branch)
   (You found it on level 7 of the Dungeon)
Wands
 E - a wand of slowing (12)
   (You found it on level 7 of the Dungeon)
Scrolls
 d - 5 scrolls of identify
 e - a scroll of remove curse
 f - a scroll of amnesia
 l - a scroll of blinking {!r}
 q - a scroll of recharging
Potions
 n - a potion of brilliance
 s - a potion of ambrosia {!q}
 t - a potion of resistance
 u - a potion of invisibility
Books
 b - a book of Frost
Comestibles
 c - 4 bread rations {@e1@e1}
 g - a beef jerky
 i - 3 meat rations {@e2@e2}
 j - a royal jelly
 p - a slice of pizza
 D - 2 fruits


   Skills:
 + Level 11.5 Polearms
 - Level 10.0 Dodging
 - Level 2.1 Stealth
 - Level 2.0 Spellcasting
 - Level 0.7 Conjurations
 - Level 3.6 Ice Magic


You had 4 spell levels left.
You knew the following spells:

 Your Spells              Type           Power        Failure   Level  Hunger
a - Freeze                Ice            ##..         6%          1    #......
x - Throw Icicle          Conj/Ice       #.......     85%         4    #####..
A - Ozocubu's Armour      Chrm/Ice       #.......     34%         3    ###....


Dungeon Overview and Level Annotations

Branches:
Dungeon (7/15)             Temple (1/1) D:5

Altars:
Ashenzari
Cheibriados
Dithmenos
Elyvilon
Fedhas
Gozag
Kikubaaqudgha
Makhleb
Nemelex Xobeh
Okawaru
Qazlal
Ru
Sif Muna
Trog
Vehumet
Xom
Yredelemnul
Zin
The Shining One

Shops:
D:5 (

Annotations:
D:5 Eustachio Bailey derrpe's ghost, novice VSEn


Message History

You swing at nothing.
You feel less confused.
You completely miss derrpe's ghost.
Derrpe's ghost hits you but does no damage.
You closely miss derrpe's ghost.
You hit derrpe's ghost but do no damage.
Derrpe's ghost hits you but does no damage.
You puncture derrpe's ghost! You miss derrpe's ghost.
Derrpe's ghost gestures at you while chanting.
You are confused.
You completely miss derrpe's ghost.
You swing at nothing.
You feel yourself slow down.
Derrpe's ghost hits you but does no damage.
You barely miss derrpe's ghost. You completely miss derrpe's ghost.
Derrpe's ghost hits you but does no damage.
You swing at nothing.
Derrpe's ghost hits you but does no damage.
You nearly hit yourself!
Derrpe's ghost hits you but does no damage.
You hit derrpe's ghost but do no damage.
You swing at nothing.
You feel less confused.
You are no longer glowing.
Derrpe's ghost hits you but does no damage.
You closely miss derrpe's ghost.
You swing at nothing.
You swing at nothing.
You cannot move.
Derrpe's ghost gestures at you while chanting.
You resist with significant effort.
Derrpe's ghost points at you and mumbles some strange words.
You feel strangely conspicuous.
You barely miss derrpe's ghost. You miss derrpe's ghost.
Derrpe's ghost hits you but does no damage.
You hit derrpe's ghost but do no damage.
Derrpe's ghost points at you and mumbles some strange words.
You are confused.
You swing at nothing.
You completely miss derrpe's ghost.
You are no longer glowing.
You are starving!
Derrpe's ghost hits you but does no damage.
Eat which item? (? for menu, Esc to quit)
You flicker for a moment.
Derrpe's ghost hits you but does no damage.
You continue eating.
Your transformation is almost over.
Derrpe's ghost hits you but does no damage.
You continue eating.
Derrpe's ghost whispers, "You will understand me better in a moment."
Derrpe's ghost gestures at you while chanting.
You are more confused.
You finish eating.
That meat ration really hit the spot!
You regained 2 hp, and now have 22/85 hp.
Drink which item? (? for menu, Esc to quit)
You feel yourself speed up.
Derrpe's ghost says, "You will soon be helpless to avoid my power."
Derrpe's ghost casts a spell at you.
You are more confused.
You barely miss derrpe's ghost.
Derrpe's ghost hits you but does no damage.
You barely miss derrpe's ghost.
You swing at nothing.
Derrpe's ghost gestures at you while chanting.
You feel strangely conspicuous.
You swing at nothing.
You swing at nothing.
You flicker back into view.
Derrpe's ghost hits you but does no damage.
Drink which item? (? for menu, Esc to quit)
Invisibility will do you no good right now; use anyway?
Okay, then.
Invisibility will do you no good right now.
You closely miss derrpe's ghost.
You swing at nothing.
Derrpe's ghost hits you but does no damage.
You swing at nothing.
You feel a little less agile now.
The orc warrior shoots a bolt.
The bolt completely misses you.
You nearly hit yourself!
Derrpe's ghost hits you but does no damage.
You hit derrpe's ghost. You barely miss derrpe's ghost.
The orc warrior shoots a bolt.
The bolt hits you!!
* * * LOW HITPOINT WARNING * * *
Derrpe's ghost whispers, "Everlasting silence awaits you..."
Derrpe's ghost casts a spell at you.
You are more confused.
You take 21 damage, and have 5/85 hp.
MASSIVE DAMAGE!!
You completely miss derrpe's ghost. You completely miss derrpe's ghost.
You are no longer glowing.
Derrpe's ghost hits you but does no damage.
You swing at nothing.
The orc warrior shoots a bolt.
The bolt hits you!
You die...
Your body rises from the dead as a mindless zombie.

....... ....... ....#
##........ ..... #.........
...o.# ##......... ......#
##.......... ≈≈≈....####
####....≈≈≈≈≈..
#≈≈......###..((..≈≈#.#≈≈.
.##≈.....)♣........≈##.##≈.
^.o≈....(W.........≈..^..≈.
.##≈...............≈##.##≈.
#≈≈...............≈≈#)#≈≈.
≈≈≈.................≈≈≈≈≈..
.......................(...
...........................
...........................
...........................


You could see an orc warrior and derrpe's ghost.

Vanquished Creatures
  An orc warrior (Bailey)
  An ice beast (D:5)
  5 centaurs
  A phantom (D:5)
  2 giant frogs (D:7)
  4 wights (D:6)
  2 crimson imps (D:5)
  3 hounds
  3 jellies
  Crazy Yiuf (D:3)
  A giant frog skeleton (D:5)
  3 iguanas
  6 worker ants
  A hound skeleton (D:5)
  5 gnolls
  5 adders
  2 shadow imps
  3 oozes
  3 worms
  3 giant geckos
  4 orcs
  6 giant cockroaches
  8 goblins
  8 hobgoblins
  8 kobolds
  2 ball pythons
  9 bats
  A giant gecko zombie (D:5)
  4 giant newts
  10 jackals
  7 rats
  A fungus (D:3)
123 creatures vanquished.

Notes
Turn   | Place    | Note
--------------------------------------------------------------
     0 | D:1      | dpvblackbelt the Merfolk Ice Elementalist began the quest for the Orb.
     0 | D:1      | Reached XP level 1. HP: 13/13 MP: 3/3
   333 | D:1      | Reached skill level 1 in Polearms
   427 | D:1      | Reached XP level 2. HP: 19/19 MP: 1/5
   504 | D:1      | Reached skill level 2 in Polearms
   648 | D:1      | Reached skill level 3 in Polearms
   861 | D:1      | Reached XP level 3. HP: 21/24 MP: 6/6
  1077 | D:1      | Reached skill level 4 in Polearms
  1472 | D:2      | Reached skill level 3 in Dodging
  1472 | D:2      | Reached XP level 4. HP: 30/30 MP: 7/7
  2355 | D:2      | Reached skill level 5 in Polearms
  2539 | D:3      | Found a faded altar to an unknown god.
  2834 | D:3      | Noticed a centaur
  2843 | D:3      | HP: 5/30 [centaur (5)]
  2854 | D:3      | Killed a centaur
  2854 | D:3      | Reached skill level 4 in Dodging
  2854 | D:3      | Reached XP level 5. HP: 23/35 MP: 0/8
  3150 | D:3      | Reached skill level 6 in Polearms
  3511 | D:3      | Noticed Crazy Yiuf
  3518 | D:3      | Killed Crazy Yiuf
  3518 | D:3      | Reached skill level 5 in Dodging
  3518 | D:3      | Reached XP level 6. HP: 12/41 MP: 3/9
  3837 | D:3      | HP: 10/41 [gnoll/whip (8)]
  4268 | D:4      | Learned a level 3 spell: Ozocubu's Armour
  4273 | D:4      | Learned a level 4 spell: Throw Icicle
  4668 | D:4      | Reached skill level 7 in Polearms
  4795 | D:4      | Reached skill level 6 in Dodging
  4810 | D:4      | HP: 10/41 [poisoned by a worker ant]
  4816 | D:4      | HP: 8/41 [poisoned by a worker ant]
  4824 | D:4      | HP: 7/41 [poisoned by a worker ant]
  4832 | D:4      | HP: 6/41 [poisoned by a worker ant]
  5353 | D:5      | Entered Level 5 of the Dungeon
  5358 | D:5      | Found a staircase to the Ecumenical Temple.
  5366 | Temple   | Entered the Ecumenical Temple
  5386 | Temple   | Became a worshipper of Yredelemnul the Dark
  5413 | D:5      | Reached XP level 7. HP: 40/46 MP: 10/10
  5437 | D:5      | Found Xotukhleo's Weapon Shoppe.
  5728 | D:5      | Reached skill level 8 in Polearms
  5728 | D:5      | Reached skill level 7 in Dodging
  5924 | D:5      | Reached skill level 9 in Polearms
  5975 | D:5      | Reached skill level 8 in Dodging
  5975 | D:5      | Reached XP level 8. HP: 49/52 MP: 11/11
  6097 | D:5      | Noticed Eustachio
  6701 | D:6      | Found a shattered altar of Ashenzari.
  6956 | D:6      | Reached skill level 10 in Polearms
  7128 | D:6      | Reached skill level 9 in Dodging
  7694 | D:7      | Reached skill level 11 in Polearms
  7711 | D:7      | Reached skill level 10 in Dodging
  7732 | D:7      | Found a flagged portal.
  7742 | Bailey   | Entered a bailey
  7773 | Bailey   | Acquired Yredelemnul's first power
  7818 | Bailey   | Noticed derrpe's ghost (novice VSEn)
  7829 | Bailey   | Reached XP level 9. HP: 57/57 MP: 12/12
  7849 | Bailey   | HP: 12/85 [derrpe's ghost (14)]
  7855 | Bailey   | HP: 2/85 [derrpe's ghost (12)]
  7913 | Bailey   | HP: 5/85 [orc warrior/bolt (21)]
  7916 | Bailey   | Shot with a bolt by an orc warrior

Vault maps used:
D:1:      noname_arrival_rooms_in_the_neighbourhood
D:3:      first_bread, ecumenical_altar_2, uniq_crazy_yiuf_cottage
D:5:      temple_fountains, serial_shops, nicolae_shop_waterfront,
          uniq_eustachio
D:6:      ashenzari_conservatory_becter, grunt_ministairs_11, minmay_hedge_maze,
          hangedman_decor_points
D:7:      enter_bailey_8
Temple:   nicolae_temple_no_exploring_needed
Bailey:   bailey_polearm_2, bailey

Action                   |  1- 3 |  4- 6 |  7- 9 || total
-------------------------+-------+-------+-------++-------
Melee: Spear             |    57 |   146 |       ||   203
       Unarmed           |     2 |       |       ||     2
       Trident           |       |    55 |   285 ||   340
 Cast: Freeze            |    34 |    41 |       ||    75
  Use: Potion            |       |     2 |    12 ||    14
       Scroll            |       |       |     9 ||     9
 Stab: Sleeping          |     6 |    10 |    13 ||    29
       Distracted        |       |       |     2 ||     2
  Eat: Chunk             |     2 |    11 |     6 ||    19
       Fruit             |       |     3 |     3 ||     6
       Meat ration       |       |       |     1 ||     1

Vault maps used:
D:1:      noname_arrival_rooms_in_the_neighbourhood
D:3:      first_bread, ecumenical_altar_2, uniq_crazy_yiuf_cottage
D:5:      temple_fountains, serial_shops, nicolae_shop_waterfront,
          uniq_eustachio
D:6:      ashenzari_conservatory_becter, grunt_ministairs_11, minmay_hedge_maze,
          hangedman_decor_points
D:7:      enter_bailey_8
Temple:   nicolae_temple_no_exploring_needed
Bailey:   bailey_polearm_2, bailey

Table legend:
 A = Turns spent in this place as a percentage of turns spent in the entire game.
 B = Non-inter-level travel turns spent in this place as a percentage of non-inter-level travel turns spent in the entire game.
 C = Inter-level travel turns spent in this place as a percentage of turns spent in this place.
 D = Turns resting spent in this place as a percentage of non-inter-level travel turns spent in this place.
 E = Turns spent auto-exploring this place as a percentage of non-inter-level travel turns spent in this place.
 F = Non-inter-level travel turns spent in this place divided by the number of levels of this place that you've seen.
                   A       B       C       D       E      F
               +-------+-------+-------+-------+-------+----------------------
         Total | 100.0 | 100.0 |   0.4 |   3.2 |   7.3 | 281.2
       Dungeon |  92.4 |  92.5 |   0.4 |   3.3 |   7.9 | 334.3
        Temple |   0.7 |   0.7 |   5.6 |   0.0 |   0.0 |  17.0
        Bailey |   6.8 |   6.9 |   0.0 |   1.1 |   0.0 | 174.0
               +-------+-------+-------+-------+-------+----------------------

Table legend:
 A = Kills in this place as a percentage of kills in entire the game.
 B = Kills by you in this place as a percentage of kills by you in the entire game.
 C = Kills by friends in this place as a percentage of kills by friends in the entire game.
 D = Other kills in this place as a percentage of other kills in the entire game.
 E = Experience gained in this place as a percentage of experience gained in the entire game.
 F = Experience gained in this place divided by the number of levels of this place that you have seen.
                   A       B       C       D       E      F
               +-------+-------+-------+-------+-------+----------------------
         Total | 100.0 | 100.0 |  -nan |  -nan | 100.0 | 272.9
       Dungeon |  97.5 |  97.5 |  -nan |  -nan |  94.3 | 331.0
        Temple |   0.8 |   0.8 |  -nan |  -nan |   0.1 |   3.0
        Bailey |   1.6 |   1.6 |  -nan |  -nan |   5.5 | 136.0
               +-------+-------+-------+-------+-------+----------------------
